Map: Canyon of Tribulation

Players

onestratterr - Winner!

  • Race: Terran Terran
  • League: Diamond
  • Spawn Location: 3:00

Oatzor - Winner!

  • Race: Zerg Zerg
  • League: Diamond
  • Spawn Location: 12:00

PapaColin - Winner!

  • Race: Protoss Protoss
  • Spawn Location: 12:00

yclin

  • Race: Terran Terran
  • Spawn Location: 6:00

DaniGO

  • Race: Terran Terran
  • Spawn Location: 6:00

corrian

  • Race: Protoss Protoss
  • Spawn Location: 7:00

VOD

Have the link to the VOD?

Description

Time

  • Played on: Dec. 19, 2020, 2:19 a.m.
  • Length: 11:44
Show
View Real Time Build Order
Export as new Build Order

onestratterr Terran - Winner!

Build Orders: Command Center First (CC) 

Get SALT Encoding   

  12  0:00  SCV  
  13  0:12  SCV  
  14  0:18  Supply Depot  
  14  0:26  SCV  
  15  0:40  SCV  
  16  0:52  SCV  
  17  1:03  Command Center  
  17  1:17  Barracks  
  17  1:24  Refinery  
  17  1:27  SCV, Refinery  
  18  1:39  SCV  
  20  1:54  SCV  
  20  2:20  Reaper  
  21  2:26  Barracks  
  21  2:31  Orbital Command, Supply Depot  
  21  2:42  Orbital Command  
  21  2:54  Barracks Reactor  
  21  2:58  SCV  
  22  3:10  SCV  
  23  3:14  Barracks Reactor  
  23  3:15  Barracks Tech Lab, Barracks, Supply Depot  
  23  3:17  SCV  
  24  3:22  SCV  
  25  3:29  Engineering Bay, SCV  
  25  3:31  Engineering Bay  
  26  3:34  SCV  
  26  3:36  Stimpack  
  27  3:47  SCV x2  
  29  3:52  Marine x2  
  31  3:56  Marauder  
  31  3:59  SCV  
  31  4:00  SCV  
  35  4:03  Terran Infantry Armor Level 1, Terran Infantry Weapons Level 1  
  35  4:04  Barracks Reactor  
  35  4:11  SCV  
  35  4:12  SCV  
  35  4:14  Factory  
  37  4:21  Marine x2  
  37  4:22  Marauder  
  41  4:37  Supply Depot x2  
  41  4:39  Marine x2  
  41  4:41  Marine x2  
  41  4:43  Marauder  
  47  4:57  Marine x2  
  47  4:58  Factory Reactor  
  47  4:59  Marine, Starport  
  50  5:00  Marine  
  52  5:10  Marauder  
  52  5:12  Barracks  
  53  5:14  Marine  
  53  5:15  Marine  
  53  5:16  Marine  
  53  5:17  SCV  
  53  5:19  Marine  
  58  5:23  Armory  
  58  5:24  Missile Turret  
  58  5:28  Combat Shield  
  58  5:29  SCV  
  58  5:31  Marine  
  58  5:32  Marine x2  
  62  5:43  Barracks  
  62  5:45  Marine x2, Medivac  
  67  5:50  Marauder  
  68  6:12  Barracks Tech Lab, Supply Depot  
  68  6:13  Factory Tech Lab, Command Center  
  68  6:17  Marine x2  
  70  6:19  Supply Depot  
  70  6:32  Supply Depot  
  70  6:33  Marine, Medivac  
  72  6:48  Marine x4  
  72  6:49  Marine x2  
  72  6:50  SCV x2  
  72  6:51  Marine  
  71  7:06  Marine x6  
  71  7:10  Marine  
  71  7:15  Siege Tank, Medivac  
  70  7:16  Medivac  
  69  7:24  Marine x3  
  69  7:28  Marine x4  
  60  7:38  Orbital Command  
  60  7:40  SCV x2  
  60  7:41  Marine  
  60  7:42  Marine x2  
  64  7:52  SCV x2  
  64  7:55  Marine x2  
  70  7:59  Marine  
  70  8:03  Barracks Reactor  
  70  8:04  SCV x2  
  71  8:11  SCV  
  72  8:15  Terran Infantry Weapons Level 2  
  72  8:16  SCV  
  73  8:20  SCV, Refinery x2  
  73  8:23  SCV  
  75  8:28  SCV  
  75  8:31  Marine  
  75  8:32  Marine x2, SCV  
  80  8:35  Terran Infantry Armor Level 2, SCV  
  80  8:39  Marine x5  
  80  8:40  SCV  
  87  8:49  Marine  
  87  8:54  SCV x2  
  87  8:55  Marine x2  
  92  8:57  Marine x2  
  92  8:58  Supply Depot  
  94  9:09  Marine x4  
  98  9:11  Siege Tank  
  98  9:12  Marine  
  98  9:13  Marine  
  103  9:20  Medivac x2  
  107  9:24  Marine x2  
  107  9:27  Marine x3  
  112  9:33  Supply Depot  
  112  9:35  Supply Depot  
  112  9:41  Marine x3  
  112  9:42  Marine  
  112  9:43  Siege Tank  
  119  9:57  Marine x4  
  119  9:59  Marine x2  
  125  10:00  SCV  
  125  10:03  Marine x2  
  125  10:04  Medivac x2  
  132  10:15  Siege Tank  
  132  10:17  Marine  
  132  10:18  Marine x5  
  141  10:26  Marine  
  141  10:27  Marine  
  135  10:35  Marine x2  
  135  10:36  Marine x2  
  134  10:43  Marine x2  
  134  10:44  Marine, Medivac x2  
  134  10:45  Marine  
  140  10:53  Marine  
  140  10:55  Siege Tank  
  131  11:14  Marine x2  
  131  11:15  Marine x6  
Show
View Real Time Build Order
Export as new Build Order

Oatzor Zerg - Winner!

Build Orders: Pool First, Roach Hydra 

Get SALT Encoding   

  12  0:01  Drone  
  13  0:12  Drone  
  14  0:30  Spawning Pool  
  14  0:32  Drone  
  14  0:39  Overlord  
  14  1:08  Hatchery  
  13  1:17  Zergling x6  
  16  1:29  Zergling x2  
  16  1:31  Queen  
  20  1:40  Drone  
  19  2:35  Drone x5  
  24  2:51  Drone  
  24  2:52  Drone  
  24  2:57  Overlord, Queen  
  28  3:00  Extractor  
  27  3:10  Roach Warren  
  27  3:11  Drone x2  
  28  3:14  Overlord  
  28  3:15  Hatchery  
  27  3:24  Extractor  
  26  3:29  Drone  
  26  3:30  Drone x3  
  26  3:33  Drone  
  32  3:34  Drone  
  32  3:56  Drone  
  32  3:57  Drone x5  
  38  4:03  Lair  
  38  4:05  Drone  
  38  4:06  Drone  
  40  4:11  Overlord  
  40  4:18  Overlord  
  40  4:31  Drone x7  
  47  4:50  Drone  
  47  4:51  Drone x5  
  53  4:59  Evolution Chamber x2  
  51  5:02  Extractor, Overlord  
  51  5:03  Extractor, Overlord x2  
  49  5:11  Drone  
  50  5:21  Queen x2  
  50  5:22  Queen  
  56  5:29  Spore Crawler  
  56  5:33  Spore Crawler  
  56  5:35  Spore Crawler  
  54  5:42  Drone  
  54  5:43  Drone x9  
  54  5:44  Drone  
  54  5:48  Zerg Missile Weapons Level 1  
  64  5:54  Zerg Ground Armor Level 1  
  64  5:57  Overseer  
  64  6:00  Pneumatized Carapace  
  64  6:14  Roach x2  
  64  6:15  Roach x3  
  74  6:19  Overlord x2  
  74  6:22  Glial Reconstitution  
  71  6:27  Burrow  
  71  6:39  Nydus Network  
  70  6:54  Extractor  
  70  6:56  Extractor  
  70  6:58  Roach  
  70  6:59  Roach x6  
  82  7:04  Overlord  
  82  7:05  Overlord x4, Hydralisk Den  
  82  7:07  Overlord  
  81  7:10  Overlord  
  81  7:17  Nydus Canal  
  81  7:36  Nydus Canal  
  81  7:37  Hydralisk  
  81  7:38  Hydralisk x7  
  81  7:41  Tunneling Claws  
  97  7:53  Zerg Missile Weapons Level 2  
  97  7:56  Hatchery  
  96  8:06  Grooved Spines  
  96  8:24  Zerg Ground Armor Level 2  
  96  8:34  Drone  
  96  8:35  Drone x16  
  96  8:38  Extractor  
  112  8:46  Infestation Pit  
  111  8:51  Lurker Den  
  110  8:57  Overseer  
  110  8:59  Overseer  
  110  9:07  Extractor  
  110  9:08  Overlord x4  
  109  9:11  Overlord  
  109  9:14  Overlord  
  109  9:17  Muscular Augments  
  109  9:23  Hive  
  109  9:43  Nydus Canal  
  109  9:49  Hydralisk  
  109  9:50  Hydralisk x9  
  129  10:03  Hydralisk  
  129  10:04  Hydralisk x4  
  129  10:05  Hydralisk  
  131  10:29  Roach x10  
  131  10:30  Hydralisk  
  131  10:31  Hydralisk x9  
  131  10:34  Hydralisk  
  143  10:47  Roach x5  
  133  11:04  Nydus Canal  
  133  11:09  Hydralisk x8  
  133  11:10  Hydralisk x5  
Show
View Real Time Build Order
Export as new Build Order

PapaColin Protoss - Winner!

Build Orders: Carriers 

Get SALT Encoding   

  12  0:00  Probe  
  13  0:16  Probe  
  13  0:20  Pylon  
  14  0:28  Probe  
  15  0:39  Gateway  
  15  0:40  Probe  
  16  0:52  Probe, Assimilator  
  17  1:04  Probe  
  17  1:08  Pylon  
  18  1:16  Probe  
  18  1:18  Assimilator  
  19  1:25  Pylon  
  19  1:28  Probe  
  20  1:35  Cybernetics Core  
  20  1:40  Probe (Chrono Boost)  
  21  1:51  Probe (Chrono Boost)  
  22  1:56  Probe (Chrono Boost)  
  23  2:07  Probe  
  24  2:20  Stargate  
  24  2:30  Warp Gate (Chrono Boost)  
  24  2:32  Probe  
  25  2:45  Probe  
  25  2:47  Stalker  
  25  2:49  Nexus  
  28  2:57  Probe (Chrono Boost)  
  29  2:59  Pylon  
  29  3:02  Void Ray  
  29  3:10  Probe (Chrono Boost)  
  34  3:17  Probe  
  35  3:21  Assimilator  
  35  3:27  Assimilator  
  35  3:29  Probe  
  35  3:31  Stalker  
  38  3:41  Probe  
  38  3:43  Pylon  
  38  3:45  Void Ray  
  43  4:04  Probe  
  43  4:07  Probe  
  43  4:08  Pylon  
  45  4:15  Pylon  
  45  4:16  Probe  
  46  4:19  Probe  
  47  4:26  Void Ray, Stalker  
  47  4:28  Probe  
  54  4:41  Probe (Chrono Boost)  
  54  4:42  Probe (Chrono Boost)  
  56  4:51  Probe (Chrono Boost)  
  56  4:52  Probe (Chrono Boost)  
  58  4:56  Probe x2 (Chrono Boost)  
  58  4:59  Protoss Air Weapons Level 1 (Chrono Boost)  
  60  5:03  Void Ray  
  60  5:07  Probe x2  
  60  5:09  Forge  
  66  5:19  Probe  
  66  5:20  Probe  
  62  5:31  Probe (Chrono Boost)  
  62  5:33  Probe (Chrono Boost)  
  64  5:40  Void Ray  
  64  5:41  Probe x2 (Chrono Boost)  
  66  5:46  Probe x2 (Chrono Boost)  
  66  5:49  Nexus  
  72  5:54  Assimilator  
  72  5:57  Probe, Protoss Shields Level 1  
  72  5:58  Probe  
  72  5:59  Pylon  
  72  6:02  Pylon  
  74  6:05  Pylon  
  74  6:09  Pylon  
  74  6:17  Void Ray  
  74  6:19  Probe  
  79  6:39  Fleet Beacon  
  79  6:42  Stargate  
  79  6:47  Void Ray  
  79  6:51  Probe x2  
  81  6:58  Protoss Air Armor Level 1 (Chrono Boost)  
  85  7:03  Probe x2, Assimilator  
  85  7:05  Photon Cannon  
  85  7:07  Photon Cannon  
  87  7:11  Photon Cannon  
  87  7:22  Void Ray  
  87  7:23  Probe x3  
  87  7:29  Flux Vanes  
  90  7:35  Probe x3  
  97  7:43  Carrier  
  103  7:47  Probe x2  
  105  7:54  Nexus  
  105  7:57  Assimilator  
  105  8:01  Probe x3  
  105  8:02  Assimilator  
  105  8:05  Pylon  
  108  8:09  Pylon  
  108  8:15  Pylon  
  108  8:16  Probe x3  
  108  8:18  Pylon  
  111  8:28  Probe  
  112  8:40  Carrier  
  118  8:47  Carrier  
  124  8:49  Twilight Council  
  124  8:52  Pylon  
  124  8:55  Pylon  
  124  8:59  Pylon  
  124  9:04  Cybernetics Core  
  124  9:07  Probe  
  125  9:14  Protoss Air Weapons Level 2 (Chrono Boost)  
  125  9:19  Probe  
  126  9:24  Stargate  
  126  9:27  Stargate  
  126  9:28  Stargate  
  126  9:30  Photon Cannon  
  126  9:33  Photon Cannon  
  126  9:38  Void Ray  
  126  9:39  Photon Cannon  
  126  9:44  Photon Cannon  
  126  9:45  Void Ray  
  134  10:03  Photon Cannon  
  134  10:08  Carrier (Chrono Boost)  
  134  10:09  Carrier (Chrono Boost)  
  146  10:24  Carrier (Chrono Boost)  
  146  10:28  Carrier (Chrono Boost)  
  164  10:36  Carrier (Chrono Boost)  
Show
View Real Time Build Order
Export as new Build Order

yclin Terran 

Build Orders: Reaper Expand 

Get SALT Encoding   

  12  0:01  SCV  
  13  0:13  SCV  
  14  0:22  Supply Depot  
  14  0:25  SCV  
  15  0:45  Barracks  
  15  0:51  SCV  
  15  0:55  Refinery  
  16  1:03  SCV  
  17  1:15  SCV  
  18  1:27  SCV  
  19  1:40  Reaper  
  19  1:41  Orbital Command  
  20  1:55  Command Center  
  20  1:59  Barracks  
  20  2:12  Marine, SCV  
  21  2:48  Marine, Factory  
  22  2:59  Barracks Tech Lab, Refinery  
  23  3:11  Supply Depot  
  22  3:13  Marine  
  23  3:28  SCV  
  23  3:29  Orbital Command  
  24  3:36  Starport  
  24  3:37  Factory Reactor  
  24  3:40  Marine  
  25  3:46  SCV  
  26  3:55  Marine  
  27  3:58  Marine, SCV  
  29  4:11  SCV x2  
  31  4:17  Stimpack  
  31  4:20  Barracks  
  31  4:23  SCV  
  32  4:24  SCV  
  33  4:35  Widow Mine, SCV  
  33  4:37  Medivac  
  33  4:38  Medivac  
  40  4:39  SCV  
  41  4:47  SCV  
  41  4:49  Engineering Bay  
  41  4:50  Marine x2  
  41  4:51  SCV  
  45  4:54  Refinery  
  45  4:56  Refinery  
  45  5:06  Factory Tech Lab  
  45  5:07  SCV  
  46  5:16  Supply Depot  
  46  5:22  Barracks Reactor, Barracks  
  46  5:23  Barracks  
  46  5:31  Missile Turret  
  46  5:36  Terran Infantry Weapons Level 1  
  46  5:38  Marine, SCV x2  
  49  5:43  Armory  
  49  5:47  Missile Turret  
  49  5:52  Viking  
  49  5:53  SCV  
  49  5:54  SCV  
  53  5:59  Marine  
  54  6:05  Marine x2  
  54  6:08  Supply Depot x2  
  54  6:09  Marine  
  54  6:11  SCV  
  58  6:13  Barracks Reactor  
  58  6:15  Barracks Reactor  
  58  6:18  SCV  
  59  6:27  Marine x3  
  59  6:29  Marine  
  59  6:30  SCV  
  63  6:49  Siege Tank  
  62  6:58  Marine x3  
  62  6:59  Marine x4  
  56  7:16  Marine  
  56  7:17  Marine x2  
  56  7:21  Siege Tank  
  62  7:38  Marine x2  
  62  7:39  Marine x2  
  66  7:44  Marine x3  
  69  7:51  Combat Shield  
  69  7:54  Command Center  
  69  7:56  Marine  
  70  8:04  Terran Vehicle And Ship Armor Level 1  
  70  8:05  Terran Infantry Weapons Level 2  
  70  8:09  Starport  
  70  8:10  Starport  
  70  8:14  Supply Depot  
  70  8:15  Siege Tank, Marine  
  70  8:17  Supply Depot, SCV  
  70  8:18  SCV  
  70  8:19  Marine  
  77  8:20  Marine  
  78  8:32  Marine x4  
  78  8:33  Marine, SCV  
  84  9:03  Marine x4  
  84  9:04  Marine  
  84  9:07  Starport Reactor  
  89  9:12  Starport Tech Lab  
  89  9:17  Command Center  
  89  9:22  SCV x3  
  89  9:23  Marine  
  93  9:31  Missile Turret  
  93  9:37  Marine x6  
  99  9:46  SCV x2  
  99  9:47  SCV  
  99  9:52  Widow Mine  
  104  9:58  SCV x2  
  104  9:59  SCV  
  107  10:13  Widow Mine  
  109  10:14  Marine x3  
  112  10:31  Orbital Command, Refinery  
  112  10:32  Marine, Refinery  
  112  10:33  Marine x6  
  119  10:41  Orbital Command  
  119  10:46  Concussive Shells  
  116  10:50  Marine  
  67  11:07  Marine x4  
  67  11:08  Marine  
  67  11:10  Marine x2  
  73  11:13  SCV  
  73  11:14  SCV  
  64  11:25  Marine x5  
Show
View Real Time Build Order
Export as new Build Order

DaniGO Terran 

Build Orders: Mech 

Get SALT Encoding   

  12  0:01  SCV  
  13  0:15  Supply Depot  
  13  0:18  SCV  
  14  0:37  SCV  
  14  0:41  Barracks  
  15  0:49  SCV  
  16  0:56  Refinery  
  16  0:57  Refinery  
  16  1:01  SCV  
  17  1:16  SCV  
  18  1:30  SCV  
  19  1:36  Marine  
  20  1:44  Supply Depot  
  20  1:46  SCV  
  21  1:58  SCV  
  21  1:59  Factory  
  22  2:02  Barracks Tech Lab  
  22  2:10  SCV  
  23  2:30  Command Center  
  23  2:39  SCV  
  24  2:47  Starport  
  24  2:50  Factory Tech Lab  
  24  3:10  Engineering Bay  
  24  3:11  SCV  
  25  3:24  SCV  
  26  3:28  Fusion Core  
  26  3:36  Marine, SCV  
  28  3:47  Sensor Tower, SCV  
  29  3:55  Viking  
  31  3:59  SCV  
  32  4:06  Hi-Sec Auto Tracking  
  32  4:25  Starport  
  32  4:28  SCV x2  
  34  4:33  Sensor Tower  
  34  4:38  Refinery  
  34  4:40  SCV  
  34  4:41  Refinery  
  35  5:00  Siege Tank  
  38  5:07  Armory  
  38  5:08  Starport Tech Lab  
  38  5:10  Starport Tech Lab  
  38  5:18  Factory, SCV  
  38  5:19  SCV  
  40  5:30  SCV  
  40  5:31  SCV  
  44  5:35  Widow Mine  
  44  5:40  Viking  
  46  5:52  Orbital Command  
  46  5:57  Supply Depot  
  46  6:06  Supply Depot  
  46  6:08  Orbital Command  
  46  6:34  Terran Vehicle Weapons Level 1  
  46  6:36  Factory Tech Lab  
  46  6:38  Thor  
  52  6:40  Drilling Claws  
  51  6:52  Factory  
  49  7:12  Widow Mine  
  51  7:21  Widow Mine  
  53  7:36  Widow Mine  
  55  7:42  Widow Mine  
  57  8:04  Widow Mine  
  59  8:09  SCV  
  59  8:10  SCV  
  61  8:39  Supply Depot  
  61  8:41  Thor, Widow Mine  
  61  8:43  Sensor Tower  
  61  8:47  Supply Depot  
  69  9:00  SCV  
  70  9:03  Widow Mine  
  72  9:11  Supply Depot  
  72  9:12  SCV  
  74  9:24  Widow Mine x2, SCV  
  78  9:31  Command Center  
  78  9:33  Missile Turret  
  78  9:35  Missile Turret  
  78  9:36  SCV  
  79  9:46  Widow Mine x2  
  79  9:49  Missile Turret  
  83  9:56  Factory  
  85  10:07  Widow Mine x2  
  78  10:28  Widow Mine x2  
  71  10:46  Widow Mine  
  75  10:50  Widow Mine x2  
  59  11:08  Widow Mine  
  69  11:11  Widow Mine  
Show
View Real Time Build Order
Export as new Build Order

corrian Protoss 

Build Orders: Oracle Opening 

Get SALT Encoding   

  12  0:02  Probe  
  13  0:16  Pylon  
  13  0:19  Probe  
  14  0:31  Probe  
  15  0:38  Gateway  
  15  0:43  Assimilator  
  15  0:47  Probe (Chrono Boost)  
  16  0:55  Pylon  
  16  0:59  Probe (Chrono Boost)  
  17  1:08  Probe (Chrono Boost)  
  17  1:09  Assimilator  
  18  1:13  Probe  
  19  1:26  Cybernetics Core  
  19  1:28  Probe (Chrono Boost)  
  20  1:39  Probe (Chrono Boost)  
  21  1:43  Probe (Chrono Boost)  
  22  1:58  Probe  
  25  2:15  Stalker (Chrono Boost), Pylon  
  25  2:27  Pylon  
  25  2:29  Pylon  
  25  2:39  Stalker  
  27  2:45  Stargate  
  27  3:04  Shield Battery  
  27  3:21  Nexus  
  27  3:24  Pylon  
  27  3:29  Oracle  
  30  3:38  Probe  
  31  3:45  Shield Battery  
  31  3:51  Probe  
  32  4:04  Probe  
  32  4:07  Phoenix  
  35  4:32  Void Ray  
  39  4:59  Probe x2  
  41  5:23  Void Ray  
  38  5:34  Pylon  
  42  5:38  Stargate  
  42  5:47  Probe (Chrono Boost)  
  44  5:57  Probe (Chrono Boost)  
  44  6:02  Probe (Chrono Boost)  
  45  6:05  Void Ray  
  45  6:08  Nexus  
  45  6:10  Pylon  
  49  6:13  Probe, Pylon  
  50  6:19  Void Ray  
  50  6:21  Stargate  
  54  6:25  Probe  
  54  6:32  Shield Battery  
  55  6:34  Shield Battery  
  55  6:38  Probe  
  56  6:42  Forge  
  56  6:49  Void Ray  
  46  6:56  Void Ray  
  50  7:03  Void Ray  
  52  7:34  Void Ray  
  52  7:54  Assimilator  
  52  7:55  Probe (Chrono Boost)  
  53  7:58  Assimilator  
  54  8:05  Probe (Chrono Boost)  
  54  8:10  Probe (Chrono Boost)  
  55  8:13  Gateway  
  55  8:15  Gateway  
  55  8:16  Void Ray  
  55  8:17  Photon Cannon  
  55  8:18  Shield Battery  
  55  8:22  Probe  
  60  8:34  Probe  
  61  8:36  Photon Cannon  
  61  8:40  Pylon  
  61  8:46  Probe  
  62  8:54  Void Ray x2  
  62  8:56  Gateway  
  62  8:58  Probe  
  71  9:03  Probe  
  72  9:10  Probe x2  
  72  9:15  Photon Cannon, Probe  
  75  9:18  Assimilator  
  75  9:22  Probe x2, Assimilator  
  77  9:34  Probe (Chrono Boost)  
  79  9:46  Probe (Chrono Boost)  
  79  9:47  Fleet Beacon  
  79  9:51  Probe (Chrono Boost)  
  80  10:00  Probe  
  81  10:12  Probe  
  82  10:23  Void Ray  
  82  10:24  Void Ray x2  
Tags
 
Add a new tag
Caveats
  • Supply blocks, unpowered buildings, or Contaminate may cause inaccurate times.
  • Supply counts are checked every 10 seconds.